 Dungeon Crawl Stone Soup version 0.30.1-9-gdf580d7c3d (webtiles) character file.

Game seed: 4468595695349960236

203333 adizb the Fruitful (level 17, -3/152 HPs)
             Began as a Demonspawn Fighter on Sept 28, 2023.
             Was a Priest of Fedhas.
             Slain by a golden dragon simulacrum (22 damage)
             ... in an ice cave.
             The game lasted 03:16:12 (24827 turns).

adizb the Fruitful (Demonspawn Fighter)            Turns: 24827, Time: 03:16:15

Health: -3/152     AC: 29    Str: 26      XL:     17   Next: 97%
Magic:  0/30       EV:  7    Int: 11 (12) God:    Fedhas [***...]
Gold:   2158       SH: 20    Dex: 17 (18) Spells: 16/16 levels left

rFire   x . .        V - +2 demon trident (elec)
rCold   . . .        k - +2 tower shield
rNeg    . . .        v - +3 chain mail {rPois}
rPois   +            O - +2 helmet
rElec   .            (cloak unavailable)
rCorr   .            o - +0 pair of fencer's gloves {Riposte Dex+3}
SInv    .            b - +3 pair of boots of the Morning {Int+3}
Will    +....        J - amulet of regeneration Stlth
                     S - ring "Zeux" {Fly Str+3}
HPRegen 1.25/turn    X - +4 ring of slaying
MPRegen 0.44/turn

%: guardian spirit
@: flying, studying Short Blades
A: yellow scales 2, foul stench 3, robust 1, magic shield, magic regeneration,
weakness stinger 3, deterioration 1, heat vulnerability 1
}: 1/15 runes: serpentine
a: Renounce Religion, Wall of Briars, Grow Ballistomycete


You were in an ice cave.
You worshipped Fedhas.
Fedhas was most pleased with you.
You visited 6 branches of the dungeon, and saw 33 of its levels.
You visited the Abyss 1 time.
You also visited: Sewer, Ice Cave and Volcano.

You collected 3064 gold pieces.
You spent 906 gold pieces at shops.

Inventory:

Hand Weapons
 a - a +5 demon trident of venom
 H - the +10 war axe of the Summoning Gnat {heavy, *Slow rPois SInv}
   (You found it on level 5 of the Dungeon)

   rPois:     It protects you from poison.
   SInv:      It lets you see invisible.
   *Slow:     It may slow you when you take damage.
 V - a +2 demon trident of electrocution (weapon)
 W - a +0 glaive of flaming
Missiles
 t - 12 boomerangs (quivered)
 E - 6 javelins
Armour
 b - the +3 pair of boots of the Morning (worn) {Int+3}
   (You acquired it on level 9 of the Dungeon)

   Int:       It affects your intelligence (+3).
 k - a +2 tower shield (worn)
 o - the +0 pair of fencer's gloves (worn) {Riposte Dex+3}
   (You acquired it on level 9 of the Dungeon)

   Riposte:   It allows the wearer to riposte with melee weapons, swiftly
   retaliating against missed or blocked melee attacks.
   Dex:       It affects your dexterity (+3).
 v - a +3 chain mail of poison resistance (worn)
 y - +0 fire dragon scales
 O - a +2 helmet (worn)
 Y - a +0 tower shield of cold resistance
 Z - +0 ice dragon scales
Jewellery
 e - a ring of see invisible
 C - a ring of protection from cold
 J - an amulet of regeneration (around neck)
 N - a +5 ring of evasion
 S - the ring "Zeux" (left hand) {Fly Str+3}
   (You found it on level 1 of the Lair of Beasts)

   [ring of flight]

   Str:       It affects your strength (+3).
   Fly:       It grants you flight.
 U - a ring of positive energy
 X - a +4 ring of slaying (right hand)
Wands
 n - a wand of paralysis (24)
 B - a wand of flame (18)
 F - a wand of iceblast (42)
 G - a wand of mindburst (26)
 R - a wand of quicksilver (7)
Scrolls
 f - 5 scrolls of poison
 g - 2 scrolls of brand weapon
 h - 2 scrolls of silence
 i - 4 scrolls of fear
 p - 12 scrolls of teleportation
 q - a scroll of summoning
 r - 2 scrolls of blinking
 A - 4 scrolls of fog
 T - 3 scrolls of magic mapping
Potions
 c - a potion of experience {unknown}
 d - 6 potions of might
 j - 5 potions of lignification
 l - 3 potions of resistance
 m - 9 potions of flight
 s - 2 potions of heal wounds
 u - 2 potions of invisibility {unknown}
 w - 14 potions of curing
 x - 4 potions of magic
 z - 7 potions of haste
 D - 12 potions of mutation
 I - 2 potions of degeneration {unknown}
 K - 3 potions of berserk rage
 L - 3 potions of attraction {unknown}
 P - a potion of ambrosia
 Q - 3 potions of cancellation {unknown}
Miscellaneous
 M - a box of beasts (inert)


   Skills:
 + Level 14.2 Fighting
 - Level 0.6(10.0) Axes
 * Level 15.3 Polearms
 * Level 14.4 Armour
 * Level 13.0 Shields
 + Level 19.1 Invocations
 + Level 5.2 Evocations


You had 16 spell levels left.
You didn't know any spells.
Your spell library contained the following spells:

 Spells                   Type           Power      Damage    Failure   Level
 Beastly Appendage        Tmut           0%         N/A       97%         1
 Freeze                   Ice            0%         1d3       97%         1
 Shock                    Conj/Air       0%         1d3       97%         1
 Slow                     Hex            0%         N/A       97%         1
 Sting                    Tmut/Pois      0%         1d3       97%         1
 Cigotuvi's Dreadful Rot  Necr/Pois/Air  0%         N/A       99%         2
 Ensorcelled Hibernation  Hex/Ice        0%         N/A       99%         2
 Poisonous Vapours        Pois/Air       0%         N/A       99%         2
 Static Discharge         Conj/Air       0%         2-2/arc   99%         2
 Wereblood                Tmut           0%         N/A       99%         2
 Confusing Touch          Hex            0%         N/A       100%        3
 Dazzling Flash           Conj/Hex       0%         N/A       100%        3
 Frozen Ramparts          Ice            0%         1d1       100%        3
 Hailstorm                Conj/Ice       0%         3d3       100%        3
 Ignite Poison            Fire/Tmut/Pois 0%         N/A       100%        3
 Spider Form              Tmut/Pois      0%         N/A       100%        3
 Swiftness                Air            0%         N/A       100%        3
 Vampiric Draining        Necr           0%         2d6       100%        3
 Vhi's Electric Charge    Tloc/Air       0%         N/A       100%        3
 Volatile Blastmotes      Fire/Tloc      0%         2d10      100%        3
 Airstrike                Air            0%         2d(0-16)  100%        4
 Anguish                  Hex/Necr       0%         N/A       100%        4
 Fulminant Prism          Conj/Hex       0%         3d5       100%        4
 Ice Form                 Ice/Tmut       0%         N/A       100%        4
 Iskenderun's Mystic Bla  Conj/Tloc      0%         2d3       100%        4
 Olgreb's Toxic Radiance  Pois           0%         N/A       100%        4
 Petrify                  Tmut/Erth      0%         N/A       100%        4
 Summon Ice Beast         Ice/Summ       0%         N/A       100%        4
 Summon Lightning Spire   Summ/Air       0%         N/A       100%        4
 Agony                    Necr           0%         N/A       100%        5
 Arcjolt                  Conj/Air       0%         1d10      100%        5
 Freezing Cloud           Conj/Ice/Air   0%         6-21      100%        5
 Lee's Rapid Deconstruct  Erth           0%         3d4*      100%        5
 Metabolic Englaciation   Hex/Ice        0%         N/A       100%        5
 Silence                  Hex/Air        0%         N/A       100%        5
 Summon Forest            Summ/Tloc      0%         N/A       100%        5
 Eringya's Noxious Bog    Tmut/Pois      0%         N/A       100%        6
 Simulacrum               Ice/Necr       0%         N/A       100%        6
 Statue Form              Tmut/Erth      0%         N/A       100%        6
 Summon Hydra             Summ           0%         N/A       100%        7
 Maxwell's Capacitive Co  Air            0%         ∞         100%        8


Dungeon Overview and Level Annotations

Branches:
Dungeon (15/15)            Temple (0/1) D:7            Lair (5/5) D:9
 Shoals (2/4) Lair:2        Snake (4/4) Lair:3        Slime (5/5) Lair:5
    Orc (2/2) D:10            Elf (0/3) Orc:2        Vaults (0/5) D:14
 Depths (0/4) D:15          Sewer (visited)           IceCv (1/1)
Volcano (visited)

Altars:
Fedhas
Hepliaklqana
Nemelex Xobeh
Vehumet
Wu Jian
Jiyva

Shops:
D:8 *   D:14 !   Orc:1 =   Orc:2 [([[   Snake:2 (*[   Snake:3 *(

Annotations:
Shoals:1 Roxanne
Slime:5 Royal Jelly


Innate Abilities, Weirdness & Mutations

You are mostly covered in yellow scales. (AC +3)
You frequently emit foul miasma when damaged in melee.
You are robust. (+10% HP)
When hurt, damage is shared between your health and your magic reserves.
You regenerate magic rapidly.
You have a sharp stinger which inflicts weakening toxins.
Your body sometimes deteriorates upon taking damage.
You are vulnerable to heat. (rF-)


Message History

Found a falchion and a scroll of poison.
Found a wand of flame (3) and 29 gold pieces.
Found four items.
You see here a +0 tower shield of cold resistance.
Y - a +0 tower shield of cold resistance You now have 2158 gold pieces (gained 29).
f - 5 scrolls of poison (gained 1)
A golden dragon simulacrum comes into view.
Throw: 12 boomerangs
Press: ? - help, Q - select action, (/) - cycle Shift-Dir - straight line, f - golden dragon simulacrum
Aim: a golden dragon simulacrum (92% to hit)
You throw a boomerang.
The boomerang hits the golden dragon simulacrum.
The golden dragon simulacrum is lightly damaged.
Throw: 12 boomerangs
Press: ? - help, Q - select action, (/) - cycle Shift-Dir - straight line, f/p - golden dragon simulacrum
Aim: a golden dragon simulacrum (lightly damaged, ally target, 92% to hit)
You throw a boomerang.
The boomerang hits the golden dragon simulacrum but does no damage.
The golden dragon simulacrum is lightly damaged.
You puncture the golden dragon simulacrum!
The golden dragon simulacrum is moderately damaged.
You puncture the golden dragon simulacrum!
You tail-slap the golden dragon simulacrum, but do no damage.
The golden dragon simulacrum is heavily damaged.
The golden dragon simulacrum bites you!
The golden dragon simulacrum freezes you!!
Your body deteriorates!
You feel clumsy.
You emit a cloud of foul miasma!
The golden dragon simulacrum claws you.
The golden dragon simulacrum freezes you!!!
The golden dragon simulacrum closely misses you.
A briar patch grows up from the ground. x7
The golden dragon simulacrum bites you!
The golden dragon simulacrum freezes you!!!
* * * LOW HITPOINT WARNING * * *
The golden dragon simulacrum claws you!
* * * LOW HITPOINT WARNING * * *
The golden dragon simulacrum freezes you!!
You die...
Fedhas appreciates your contribution to the ecosystem.

####### #######
#.....## ##PPP..#
#......###.P@Z.[#
#P......#..PPP..#...
#P∩PPP...............
#P.PP.P.#.......#....
#...PPP###.....[#.....
#.....## ##..)/?# ....
####### ####### ####


You could see a golden dragon simulacrum (ally target).

Vanquished Creatures
  Vashnia (Snake:2)
  Jorgrun (D:12)
  Asterion (Snake:1)
  5 acid blobs
  A tentacled starspawn (Abyss:2)
  7 nagarajas (Snake:4)
  4 rockslimes
  2 azure jellies (Slime:3)
  A vault warden (D:14)
  An orc warlord (Orc:2)
  4 quicksilver oozes
  A stone giant (D:15)
  2 dire elephants
  3 merfolk impalers
  A fire dragon (D:15)
  8 vault guards (D:14)
  A salamander tyrant (Snake:2)
  7 hydras
  2 caustic shrike simulacra (IceCv)
  2 catoblepae
  Erica (D:9)
  A satyr (Shoals:1)
  An ogre mage (D:15)
  6 anacondas
  2 boulder beetles
  3 centaur warriors
  A merfolk avatar (Shoals:1)
  2 death knights (D:14)
  A dancing weapon (Volcano)
  6 two-headed ogres
  2 tengu warriors
  8 naga warriors
  4 death yaks
  16 naga sharpshooters
  4 skysharks
  Amaemon (D:9)
  8 shock serpents
  7 sea snakes
  7 skeletal warriors
  A glowing orange brain (Abyss:2)
  2 lindwurms (Lair:5)
  Pikel (D:8)
  3 naga ritualists
  5 phantasmal warriors (Snake:1)
  4 wizards (Volcano)
  2 orc knights
  2 deep elf pyromancers
  2 orc sorcerers
  9 mana vipers
  2 manticores
  16 fauns (Shoals:1)
  34 elephants
  12 ugly things
  3 cyclopes
  2 shining eyes
  12 salamanders
  18 black mambas
  5 toenail golems (Volcano)
  13 naga magi
  2 merfolk sirens
  3 guardian serpents
  Maurice (D:8)
  2 eyes of devastation
  A gargoyle (D:12)
  2 torpor snails
  An orange demon (D:9)
  17 cane toads
  Maggie (D:6)
  A water nymph (Shoals:2)
  An unseen horror (D:11)
  A kobold demonologist (D:13)
  5 komodo dragons
  6 freezing wraiths
  6 rime drakes
  3 anaconda simulacra (IceCv)
  An efreet (D:15)
  A tengu conjurer (D:13)
  2 polar bears
  Grinder (D:5)
  3 trolls
  A wind drake (Shoals:1)
  11 blink frogs
  2 raiju (Abyss:2)
  Prince Ribbit (D:9)
  10 merfolk
  14 dream sheep
  A snapping turtle (Lair:2)
  29 slime creatures
  Sigmund (D:6)
  2 wraiths (D:13)
  A shadow (D:11)
  A dire elephant simulacrum (IceCv)
  17 yaks
  Grum (D:8)
  3 humans (D:14)
  3 golden eyes
  A vampire mosquito (D:6)
  2 basilisks
  A harpy simulacrum (IceCv)
  29 nagas
  An acid dragon (D:11)
  9 water moccasins
  3 hydra simulacra (IceCv)
  2 hell hounds (Lair:3)
  32 orc warriors
  6 black bears
  An ice beast (D:5)
  9 ogres
  8 wolves
  12 centaurs
  3 kobold brigands
  11 bullfrogs
  2 gnoll sergeants
  3 necrophages (Lair:2)
  7 scorpions
  12 killer bees
  4 howler monkeys
  13 orc priests
  2 hounds
  2 gnoll boudas
  2 jellies
  Jessica (D:2)
  A sleepcap (D:4)
  Terence (D:3)
  4 iguanas
  24 orc wizards
  Natasha (thrice) (D:3)
  A hell rat (Lair:5)
  Robin (D:3)
  16 gnolls
  6 river rats (Sewer)
  16 adders
  2 shadow imps
  2 white imps
  An ufetubus (D:6)
  2 worms
  7 dart slugs
  74 orcs
  9 ball pythons
  10 endoplasms
  5 giant cockroaches
  15 goblins
  6 hobgoblins
  7 jackals (D:3)
  27 kobolds
  4 quokkas
  A bat (D:3)
  2 frilled lizards
  23 rats
  3 ballistomycete spores
894 creatures vanquished.

Vanquished Creatures (collateral kills)
  2 vault guards (D:14)
  A caustic shrike simulacrum (IceCv)
  A death yak (Lair:3)
  2 tengu warriors
  A wizard (Volcano)
  An orc sorcerer (Orc:1)
  A manticore (D:14)
  2 black mambas
  An elephant (Lair:3)
  A komodo dragon (Lair:5)
  A golden dragon simulacrum (IceCv)
  5 dream sheep
  A spriggan (Lair:3)
  A yak (Lair:5)
  A naga (Snake:4)
  2 water moccasins
  2 black bears (D:9)
  4 wolves
  3 necrophages (Lair:2)
  A gnoll (D:7)
  2 ufetubi (Abyss:2)
  4 orcs (Orc:1)
  3 ball pythons (D:8)
  113 ballistomycete spores
156 creatures vanquished.

Vanquished Creatures (others)
  A water moccasin (Lair:4)
  A sleepcap (D:5)
  6 ballistomycete spores
  2 starspawn tentacles (Abyss:2)
  5 tentacles (Shoals:1)
15 creatures vanquished.

Grand Total: 1065 creatures vanquished

Notes
Turn   | Place    | Note
-------+----------+-------------------------------------------
     0 | D:1      | adizb the Demonspawn Fighter began the quest for the Orb.
     0 | D:1      | Reached XP level 1. HP: 18/18 MP: 1/1
     6 | D:1      | Noticed a hound
     6 | D:1      | Noticed a snapping turtle
     7 | D:1      | Noticed a killer bee
     7 | D:1      | Noticed a four-headed hydra
   113 | D:1      | Gained mutation: You may rarely emit foul miasma when
                  | damaged in melee. [demonic ancestry]
   113 | D:1      | Reached XP level 2. HP: 22/24 MP: 2/2
   643 | D:2      | Reached XP level 3. HP: 28/29 MP: 3/3
  1101 | D:2      | Gained mutation: You have a small tail. [demonic ancestry]
  1101 | D:2      | Reached XP level 4. HP: 31/37 MP: 4/4
  1296 | D:2      | Noticed Jessica
  1305 | D:2      | Killed Jessica
  1330 | D:2      | Found a hazy altar of Hepliaklqana.
  1443 | D:3      | Noticed Terence
  1470 | D:3      | Killed Terence
  1471 | D:3      | Gained mutation: You sometimes emit foul miasma when
                  | damaged in melee. [demonic ancestry]
  1471 | D:3      | Reached XP level 5. HP: 11/42 MP: 5/5
  1621 | D:3      | Found a faded altar of an unknown god.
  2049 | D:3      | Noticed Natasha
  2055 | D:3      | Killed Natasha
  2055 | D:3      | Noticed Robin
  2073 | D:3      | Killed Robin
  2297 | D:3      | Noticed Natasha
  2302 | D:3      | Killed Natasha
  2362 | D:3      | Noticed Natasha
  2378 | D:3      | Killed Natasha
  2379 | D:3      | Reached XP level 6. HP: 40/49 MP: 6/6
  2847 | D:4      | Reached skill level 5 in Polearms
  2908 | D:4      | Found a blossoming altar of Fedhas.
  2952 | D:4      | Became a worshipper of Fedhas Madash
  2971 | D:4      | Reached skill level 1 in Invocations
  3279 | D:4      | Reached skill level 2 in Invocations
  3462 | D:4      | Reached XP level 7. HP: 54/55 MP: 7/9
  3491 | D:4      | Reached skill level 5 in Fighting
  3491 | D:4      | Reached skill level 3 in Invocations
  3647 | D:5      | Entered Level 5 of the Dungeon
  3659 | D:5      | Reached skill level 4 in Invocations
  3661 | D:5      | Reached * piety under Fedhas
  3745 | D:5      | Identified the +10 war axe of the Summoning Gnat {heavy,
                  | *Slow rPois SInv}
  3881 | D:5      | Reached skill level 5 in Invocations
  3886 | D:5      | Gained mutation: You regenerate magic rapidly. [demonic
                  | ancestry]
  3886 | D:5      | Reached XP level 8. HP: 14/63 MP: 10/12
  4070 | D:5      | Noticed Grinder
  4079 | D:5      | Killed Grinder
  4080 | D:5      | Reached skill level 6 in Invocations
  4482 | D:6      | Noticed Sigmund
  4487 | D:6      | Killed Sigmund
  4508 | D:6      | Noticed a komodo dragon
  4523 | D:6      | Killed a komodo dragon
  4524 | D:6      | Reached skill level 7 in Invocations
  4743 | D:6      | Reached skill level 8 in Invocations
  4743 | D:6      | Gained mutation: You have a tail ending in a sharp stinger.
                  | [demonic ancestry]
  4743 | D:6      | Reached XP level 9. HP: 41/71 MP: 13/15
  4860 | D:6      | Reached skill level 5 in Armour
  4870 | D:6      | Found a glowing drain.
  4875 | Sewer    | Entered a sewer
  4886 | Sewer    | Reached ** piety under Fedhas
  5129 | Sewer    | Reached *** piety under Fedhas
  5494 | D:6      | Noticed Maggie
  5514 | D:6      | Killed Maggie
  5515 | D:6      | Reached skill level 9 in Invocations
  5720 | D:6      | Noticed a boulder beetle
  5729 | D:6      | Noticed a cyclops
  5749 | D:6      | Killed a cyclops
  5776 | D:6      | Noticed a green ugly thing
  5786 | D:6      | Killed a green ugly thing
  5787 | D:6      | Reached skill level 10 in Invocations
  6128 | D:6      | Killed a boulder beetle
  6129 | D:6      | Gained mutation: You frequently emit foul miasma when
                  | damaged in melee. [demonic ancestry]
  6129 | D:6      | Reached XP level 10. HP: 34/79 MP: 17/17
  6568 | D:7      | Found a staircase to the Ecumenical Temple.
  6620 | D:7      | Identified 3 scrolls of acquirement
  6637 | D:7      | Found a radiant altar of Vehumet.
  6720 | D:7      | Acquired a +4 demon trident of venom
  6742 | D:7      | Found a sparkling altar of Nemelex Xobeh.
  7084 | D:7      | Reached skill level 11 in Invocations
  7349 | D:8      | Noticed Maurice
  7358 | D:8      | Killed Maurice
  7375 | D:8      | Noticed a two-headed ogre
  7389 | D:8      | Killed a two-headed ogre
  7543 | D:8      | Found Niosm's Serpentskin Sales.
  7632 | D:8      | Reached **** piety under Fedhas
  7645 | D:8      | Noticed Pikel
  7651 | D:8      | Killed Pikel
  7652 | D:8      | Reached skill level 12 in Invocations
  7861 | D:8      | Noticed Grum
  7877 | D:8      | Killed Grum
  7977 | D:9      | Found a staircase to the Lair.
  8001 | D:9      | Gained mutation: You are partially covered in yellow
                  | scales. (AC +2) [demonic ancestry]
  8001 | D:9      | Reached XP level 11. HP: 73/87 MP: 20/20
  8194 | D:9      | Noticed Prince Ribbit
  8197 | D:9      | Killed Prince Ribbit
  8310 | D:9      | Noticed a two-headed ogre
  8317 | D:9      | Killed a two-headed ogre
  8318 | D:9      | Reached skill level 13 in Invocations
  8344 | D:9      | Noticed Erica
  8353 | D:9      | Killed Erica
  8653 | D:9      | Noticed Amaemon
  8667 | D:9      | Killed Amaemon
  9058 | D:9      | Acquired the +3 pair of boots of the Morning {Int+3}
  9066 | D:9      | Acquired the +0 pair of fencer's gloves {Riposte Dex+3}
  9066 | D:9      | Found the +0 pair of fencer's gloves {Riposte Dex+3}
  9076 | Lair:1   | Entered Level 1 of the Lair of Beasts
  9444 | Lair:1   | Identified the ring "Zeux" {Fly Str+3}
  9857 | Lair:2   | Noticed a skyshark
  9867 | Lair:2   | Killed a skyshark
  9958 | Lair:2   | Found a staircase to the Shoals.
 10023 | Lair:2   | Reached skill level 5 in Shields
 10084 | Lair:2   | Noticed a four-headed hydra
 10089 | Lair:2   | Killed a four-headed hydra
 10137 | Lair:3   | Noticed a catoblepas
 10144 | Lair:3   | Reached XP level 12. HP: 83/96 MP: 19/22
 10151 | Lair:3   | Killed a catoblepas
 10167 | Lair:3   | Noticed a death yak
 10177 | Lair:3   | Noticed a death yak
 10185 | Lair:3   | Killed a death yak
 10192 | Lair:3   | Killed a death yak
 10193 | Lair:3   | Reached skill level 14 in Invocations
 10247 | Lair:3   | Noticed a five-headed hydra
 10254 | Lair:3   | Killed a five-headed hydra
 10290 | Lair:3   | Identified the +3 falchion "adizb's Bane" {drain, rPois
                  | MP+9 Str-3 Dex+2}
 10332 | Lair:3   | Noticed an eight-headed hydra
 10341 | Lair:3   | Killed an eight-headed hydra
 10382 | Lair:3   | Reached skill level 10 in Fighting
 10437 | Lair:3   | Found a staircase to the Snake Pit.
 10455 | Lair:3   | Found a dark tunnel.
 10464 | Lair:3   | Reached ***** piety under Fedhas
 10471 | Volcano  | Entered a volcano
 10712 | Abyss:2  | Found a corrupted altar of Lugonu.
 10712 | Abyss:2  | Cast into level 2 of the Abyss (a wizard)
 10734 | Abyss:2  | Found a corrupted altar of Lugonu.
 10740 | Abyss:2  | Gained mutation: You are robust. (+10% HP) [demonic
                  | ancestry]
 10740 | Abyss:2  | Reached XP level 13. HP: 98/114 MP: 24/24
 10816 | Abyss:2  | Noticed a blizzard demon
 10840 | Abyss:2  | Noticed a tentacled starspawn
 10845 | Abyss:2  | Reached skill level 10 in Armour
 10855 | Abyss:2  | Killed a tentacled starspawn
 10862 | Volcano  | Escaped the Abyss
 11144 | Lair:3   | Reached skill level 10 in Polearms
 11296 | Lair:3   | Noticed a dire elephant
 11298 | Lair:3   | Identified the +7 hand axe "Momez" {elec, Contam rN++
                  | Int+6}
 11309 | Lair:3   | Reached skill level 15 in Invocations
 11309 | Lair:3   | Killed a dire elephant
 12295 | Lair:5   | Entered Level 5 of the Lair of Beasts
 12341 | Lair:4   | Gained mutation: You have a sharp stinger which inflicts
                  | weakening toxins. [demonic ancestry]
 12341 | Lair:4   | Reached XP level 14. HP: 112/124 MP: 25/25
 12431 | Lair:5   | Found a staircase to the Slime Pits.
 12432 | Lair:5   | Found a viscous altar of Jiyva.
 13118 | Lair:5   | Reached skill level 16 in Invocations
 13127 | Lair:5   | Reached skill level 10 in Shields
 13450 | Lair:4   | Found a blossoming altar of Fedhas.
 13585 | D:10     | Entered Level 10 of the Dungeon
 13975 | D:10     | Found a staircase to the Orcish Mines.
 14062 | Orc:1    | Entered Level 1 of the Orcish Mines
 14063 | Orc:1    | Found Suramuede's Jewellery Shop.
 14222 | Orc:1    | Paralysed by an orc sorcerer for 5 turns
 14229 | Orc:1    | Reached skill level 1 in Evocations
 14558 | Orc:2    | Entered Level 2 of the Orcish Mines
 14876 | Orc:2    | Found a staircase to the Elven Halls.
 15009 | Orc:2    | Reached ****** piety under Fedhas
 15094 | Orc:2    | Found Hivann's Armour Emporium.
 15094 | Orc:2    | Paralysed by an orc sorcerer for 4 turns
 15496 | Orc:2    | Found Tucisen's Antique Armour Shoppe.
 15774 | Orc:2    | Noticed an orc warlord
 15792 | Orc:2    | Killed an orc warlord
 15821 | Orc:2    | Found Akyjoqot's Antique Armour Shoppe.
 15826 | Orc:2    | Found Pexzin's Antique Weapon Emporium.
 16824 | D:12     | Reached XP level 15. HP: 76/132 MP: 27/27
 17339 | D:12     | Identified the +0 spear "Mueb" {freeze, Dex+2}
 17405 | D:12     | Noticed Jorgrun
 17426 | D:12     | Killed Jorgrun
 18425 | D:14     | Found a transporter.
 18432 | D:14     | Found a transporter.
 18510 | D:14     | Found a transporter.
 18510 | D:14     | Found an ornate altar of the Wu Jian Council.
 18510 | D:14     | Noticed a vault warden
 18542 | D:14     | Found an ornate altar of the Wu Jian Council.
 18544 | D:14     | Found a transporter.
 18554 | D:14     | Found a gate to the Vaults.
 18864 | D:14     | Found Ifaafu's Distillery.
 18873 | D:14     | Bought a potion of might for 56 gold pieces
 18873 | D:14     | Bought a potion of heal wounds for 70 gold pieces
 18873 | D:14     | Bought a potion of might for 56 gold pieces
 18873 | D:14     | Bought a potion of haste for 140 gold pieces
 18873 | D:14     | Bought a potion of ambrosia for 112 gold pieces
 18873 | D:14     | Bought a potion of might for 56 gold pieces
 18873 | D:14     | Bought a potion of haste for 140 gold pieces
 18923 | D:14     | Reached skill level 17 in Invocations
 19407 | D:14     | Killed a vault warden
 19588 | D:15     | Entered Level 15 of the Dungeon
 19609 | D:15     | Found a staircase to the Depths.
 20580 | Snake:1  | Entered Level 1 of the Snake Pit
 20658 | Snake:1  | Noticed Asterion
 20676 | Snake:1  | Killed Asterion
 20741 | Snake:1  | Gained mutation: When hurt, damage is shared between your
                  | health and your magic reserves. [demonic ancestry]
 20741 | Snake:1  | Reached XP level 16. HP: 139/141 MP: 28/28
 21738 | Snake:2  | Noticed Vashnia
 21770 | Snake:2  | Killed Vashnia
 21771 | Snake:2  | Reached skill level 18 in Invocations
 21816 | Snake:2  | Found Dopaunk's Weapon Boutique.
 21818 | Snake:2  | Found Genletao's Assorted Antiques.
 21845 | Snake:2  | Bought a scroll of identify for 70 gold pieces
 21845 | Snake:2  | Bought a potion of curing for 105 gold pieces
 21845 | Snake:2  | Bought a scroll of identify for 70 gold pieces
 21845 | Snake:2  | Bought a sapphire potion for 31 gold pieces
 21848 | Snake:2  | Found Kunn's Armour Boutique.
 22128 | Snake:3  | Found Fanaoxko's Antique Weapon Shop.
 22138 | Snake:3  | Found Umouzoz's General Store.
 22257 | Snake:4  | Entered Level 4 of the Snake Pit
 22471 | Snake:4  | Gained mutation: You are mostly covered in yellow scales.
                  | (AC +3) [demonic ancestry]
 22471 | Snake:4  | Reached XP level 17. HP: 64/150 MP: 3/30
 22639 | Snake:4  | Got a serpentine rune of Zot
 23307 | Slime:1  | Entered Level 1 of the Pits of Slime
 23307 | Slime:1  | You are sucked into a shaft and drop 1 floor!
 23350 | Slime:1  | Noticed an acid blob
 23376 | Slime:1  | Killed an acid blob
 23403 | Slime:1  | Gained mutation: Your body sometimes deteriorates upon
                  | taking damage. [a shining eye]
 23407 | Slime:1  | Gained mutation: You are vulnerable to heat. (rF-) [a
                  | shining eye]
 23546 | Slime:3  | Noticed an acid blob
 23566 | Slime:3  | Killed an acid blob
 23712 | Slime:3  | Noticed an acid blob
 23722 | Slime:3  | Killed an acid blob
 23723 | Slime:3  | Reached skill level 15 in Polearms
 23759 | Slime:5  | Entered Level 5 of the Pits of Slime
 23763 | Slime:5  | Noticed an acid blob
 23788 | Slime:5  | Killed an acid blob
 23802 | Slime:5  | Noticed an acid blob
 23802 | Slime:5  | Noticed an acid blob
 23805 | Slime:5  | Noticed the Royal Jelly
 23821 | Slime:4  | Killed an acid blob
 24147 | Shoals:1 | Entered Level 1 of the Shoals
 24382 | Shoals:1 | Identified Roxanne's Exposition on Reformation
 24382 | Shoals:1 | Noticed Roxanne
 24401 | Shoals:1 | Reached skill level 5 in Evocations
 24410 | Shoals:1 | Reached skill level 19 in Invocations
 24428 | Shoals:1 | Noticed a kraken
 24649 | Shoals:2 | Found a frozen archway.
 24679 | IceCv    | Entered an ice cave
 24827 | IceCv    | Slain by a golden dragon simulacrum

Illustrated notes

Levels and vault maps discovered:
D:1:      onia_arrival_zoo_common, layout_basic
D:2:      layout_rooms, basic_altar, eino_tiny_chamber, dreamdust_wishing_well,
          uniq_jessica
D:3:      layout_rooms, hellmonk_ecumenical_altar_lost_god,
          chequers_serial_rivers_room_b, uniq_natasha, uniq_terence, uniq_robin
D:4:      layout_basic, fedhas_ov_isle_minmay
D:5:      layout_loops_ring, uniq_grinder
D:6:      minmay_opposing_rooms, layout_basic, portal_sewer_entry_e,
          chequers_serial_rivers_small_a, minmay_three_doors, uniq_sigmund,
          uniq_maggie
D:7:      layout_loops_ring, gammafunk_temple_overflow_wave,
          mainiacjoe_overflow_concentric_impassable,
          minmay_temple_entry_proselytizer, nicolae_elevator_lobby_plus
D:8:      layout_cave_pods, guppyfry_shop_venom, uniq_pikel, uniq_grum,
          uniq_maurice
D:9:      layout_grid_maze, due_lair_maze_entry_diamond,
          chequers_serial_rivers_large_b, uniq_erica, uniq_prince_ribbit1,
          uniq_amaemon
D:10:     layout_basic, orc_0_dummy
D:11:     layout_loops_ring
D:12:     layout_basic, chequers_serial_rivers_large_a, uniq_jorgrun
D:13:     layout_basic
D:14:     dreamdust_wu_jian_sword_trials, layout_loops_cross, erik_vaults_2,
          serial_shops, nicolae_diamond_shop
D:15:     grunt_enter_depths_giant_problem, layout_irregular_city, serial_glass,
          glass_columns_c, glass_columns_c, due_unseen_surprise,
          feat_on_display, feat_on_display, minmay_diced_spiral
Lair:1:   layout_chaotic_city, infiniplex_staircase_pool_2
Lair:2:   layout_chaotic_city, minmay_shoals_entry_hut, roderic_carrion_pond
Lair:3:   mu_elephants_graveyard, layout_cellular_growth, enter_volcano_3
Lair:4:   layout_small_grid, st_stairs_5, hangedman_tree_tricks,
          beast_lair_carwin_1
Lair:5:   hangedman_lair_in_review, layout_cave_shapes, slime_entry_1
Shoals:1: layout_shoals, nicolae_shoals_shepherds, uniq_roxanne
Shoals:2: layout_shoals, portal_ice_cave_entry_pillars_four,
          nicolae_shoals_hunting_party
Snake:1:  layout_layer_cave, nicolae_snake_ghostly_warrior_ritual,
          lemuel_fruit_tree, uniq_asterion
Snake:2:  layout_basic, nicolae_snake_serpentine_bazaar,
          nicolae_triple_integral, uniq_vashnia
Snake:3:  layout_basic, serial_shops, nicolae_shop_dealshenge, shop,
          nicolae_large_snake_swirl
Snake:4:  grunt_snake_rune_pools, layout_basic, serial_corexii_hall,
          corexii_hall_statues_x, corexii_hall_statues_u,
          chequers_hall_statues_y, corexii_hall_statues_s, serial_shops, shop,
          drop_trap, uniq_aizul
Slime:1:  layout_caves
Slime:2:  layout_caves, nicolae_slime_round_cave
Slime:3:  layout_caves
Slime:4:  layout_caves
Slime:5
Orc:1:    layout_caves, serial_shops, nicolae_shop_trees, basic_altar
Orc:2:    grunt_orc_community_town_hall, layout_caves,
          grunt_orc_community_big_house_1, grunt_orc_community_big_house_1,
          grunt_orc_community_house_3, grunt_orc_community_house_3,
          grunt_orc_community_house_2, grunt_orc_community_house_3, basic_altar,
          mines3_lemuel
IceCv:    ice_cave_statue_garden_chambered

Skill      XL: |  1  2  3  4  5  6  7  8  9 10 11 12 13 14 15 16 17 |
---------------+----------------------------------------------------+-----
Polearms       | 2 3 4 5 6 7 8 9 10 11 13 14 15 | 15.3
Fighting       | 4 5 6 7 8 9 10 11 12 13 14 | 14.2
Invocations    | 2 5 8 10 12 13 14 15 16 17 18 19 | 19.1
Armour         | 3 4 6 7 8 9 11 12 13 14 | 14.4
Shields        | 5 7 9 10 11 12 13 | 13.0
Evocations     | 2 4 5 |  5.2
Axes           | |  0.6

Action                     |  1- 3 |  4- 6 |  7- 9 | 10-12 | 13-15 | 16-18 || total
---------------------------+-------+-------+-------+-------+-------+-------++-------
  Melee: Trident           |   103 |   178 |    56 |       |       |       ||   337
         Whip              |     1 |       |       |       |       |       ||     1
         Spear             |       |    11 |       |       |       |       ||    11
         Tailslap          |       |    24 |    28 |    56 |   216 |   113 ||   437
         Halberd           |       |       |   268 |    19 |       |       ||   287
         War axe           |       |       |     5 |       |       |       ||     5
         Demon trident     |       |       |       |   445 |  1167 |   734 ||  2346
  Throw: Boomerang         |       |     1 |    16 |     4 |     8 |     3 ||    32
         Javelin           |       |     4 |     3 |       |       |       ||     7
         Throwing net      |       |       |     4 |       |       |       ||     4
 Invoke: Wall of Briars    |       |       |     1 |    15 |    41 |    42 ||    99
         Grow Ballistomyce |       |       |       |       |     3 |    15 ||    18
  Evoke: Wand              |       |       |     1 |       |       |       ||     1
         Box of beasts     |       |       |       |       |       |     2 ||     2
    Use: Scroll            |     2 |     5 |     4 |     6 |     7 |    10 ||    34
         Potion            |       |       |     2 |     1 |     2 |     7 ||    12
   Stab: Held in net/web   |       |       |     1 |       |       |       ||     1
         Confused          |       |       |       |       |     3 |     5 ||     8
 Armour: Scale mail        |    29 |     7 |       |       |       |       ||    36
         Fire dragon scale |       |    62 |   151 |   168 |   397 |       ||   778
         Chain mail        |       |       |       |       |     6 |   193 ||   199
  Dodge: Dodged            |    20 |    47 |   132 |   100 |   199 |    68 ||   566
  Block: Buckler           |    14 |    37 |     9 |    18 |       |       ||    78
         Kite shield       |       |       |       |    82 |   326 |       ||   408
         Tower shield      |       |       |       |       |   107 |   423 ||   530
Riposte: Demon trident     |       |       |       |    40 |   174 |   121 ||   335
